 Dungeon Crawl Stone Soup version 0.30.0-15-g856e2d3f33 (webtiles) character file.

Game seed: 18396241582751661596

9260 olmar the Protected (level 11, 0/98 HPs)
             Began as an Armataur Fighter on May 18, 2023.
             Was an Initiate of Gozag.
             Slain by a troll (5 damage)
             ... on level 10 of the Dungeon.
             The game lasted 00:18:32 (12205 turns).

olmar the Protected (Armataur Fighter)             Turns: 12205, Time: 00:18:32

Health: 0/98       AC: 17    Str: 22    XL:     11   Next: 20%
Magic:  11/11      EV:  5    Int:  8    God:    Gozag
Gold:   75         SH:  5    Dex: 10    Spells: 10/10 levels left

rFire   + + .        F - +2 whip (venom)
rCold   . . .        c - +0 buckler
rNeg    + + .        y - +0 plate armour
rPois   +            x - +0 helmet
rElec   +            A - +1 cloak {Stlth+}
rCorr   .            (no gloves)
SInv    .            (no barding)
Will    .....        (no amulet) Stlth
                     s - ring "Guuna" {rElec rPois rF+ rN++ Str-4}
HPRegen 0.36/turn    o - ring of protection from fire
MPRegen 0.12/turn

%: roll
@: mighty, gold aura, studying Fire Magic
A: large, rugged brown scales 3, deformed body, armoured tail, roll, long
tongue, awkward tongue
a: Renounce Religion, Potion Petition, Call Merchant, Bribe Branch


You were on level 10 of the Dungeon.
You worshipped Gozag.
Gozag was noncommittal.
You visited 2 branches of the dungeon, and saw 11 of its levels.

You collected 1073 gold pieces.
You spent 882 gold pieces at shops.
You paid 116 gold pieces to Gozag.

Inventory:

Hand Weapons
 a - a +0 flail
 m - a +0 morningstar
 r - a +0 flail
 t - a +2 mace of protection
 B - a +2 quarterstaff of chaos
 C - a +5 whip
 F - a +2 whip of venom (weapon)
Missiles
 O - 20 poisoned darts (quivered)
 T - 5 javelins
Armour
 b - a +0 scale mail
 c - a +0 buckler (worn)
 x - a +0 helmet (worn)
 y - a +0 plate armour (worn)
 A - a +1 cloak of stealth (worn)
 D - a +0 scale mail
 J - a +1 hat
Jewellery
 d - a +4 ring of protection
 f - a ring of see invisible
 h - a ring of positive energy
 j - a +6 ring of intelligence
 o - a ring of protection from fire (right hand)
 s - the ring "Guuna" (left hand) {rElec rPois rF+ rN++ Str-4}
   (You found it on level 3 of the Dungeon)

   [ring of poison resistance]

   Str:       It affects your strength (-4).
   rF:        It protects you from fire.
   rElec:     It insulates you from electricity.
   rPois:     It protects you from poison.
   rN:        It greatly protects you from negative energy.
 z - a ring of magical power
 K - a +6 ring of dexterity
 N - a ring of fire
Wands
 G - a wand of quicksilver (4)
Scrolls
 e - 7 scrolls of teleportation
 i - 2 scrolls of vulnerability
 l - 4 scrolls of poison
 n - a scroll of torment
 q - 5 scrolls of fear
 u - a scroll of immolation
 v - 2 scrolls of silence
 w - 4 scrolls of noise
 E - a scroll of blinking {unknown}
 H - a scroll of brand weapon {unknown}
 L - a scroll of butterflies
 M - a scroll of magic mapping {unknown}
 U - a scroll of enchant armour
Potions
 g - 4 potions of attraction
 k - 2 potions of cancellation
 p - 2 potions of brilliance
 I - a potion of heal wounds
 P - a potion of haste
 Q - a potion of curing
 S - a potion of lignification


   Skills:
 + Level 7.3 Fighting
 + Level 10.1 Maces & Flails
 + Level 11.9 Armour
 - Level 0.5 Dodging
 + Level 2.0 Stealth
 + Level 7.5 Shields
 + Level 1.5 Evocations


You had 10 spell levels left.
You didn't know any spells.
Your spell library contained the following spells:

 Spells                   Type           Power      Damage    Failure   Level
 Slow                     Hex            0%         N/A       99%         1
 Ensorcelled Hibernation  Hex/Ice        0%         N/A       100%        2
 Confusing Touch          Hex            0%         N/A       100%        3
 Inner Flame              Hex/Fire       0%         N/A       100%        3
 Mephitic Cloud           Conj/Pois/Air  0%         N/A       100%        3
 Spider Form              Tmut/Pois      0%         N/A       100%        3
 Stone Arrow              Conj/Erth      0%         3d7       100%        3
 Tukima's Dance           Hex            0%         N/A       100%        3
 Vampiric Draining        Necr           0%         2d6       100%        3
 Vhi's Electric Charge    Tloc/Air       0%         N/A       100%        3
 Airstrike                Air            0%         2d(0-16)  100%        4
 Anguish                  Hex/Necr       0%         N/A       100%        4
 Animate Armour           Summ/Erth      0%         N/A       100%        4
 Passage of Golubria      Tloc           0%         N/A       100%        4
 Yara's Violent Unravell  Hex/Tmut       0%         3d3       100%        5
 Lehudib's Crystal Spear  Conj/Erth      0%         10d2      100%        8


Dungeon Overview and Level Annotations

Branches:
Dungeon (10/15)            Temple (1/1) D:6
   Lair: D:8-11         Orc: D:9-12

Altars:
Ashenzari
Cheibriados
Dithmenos
Elyvilon
Fedhas
Gozag
Hepliaklqana
Kikubaaqudgha
Makhleb
Nemelex Xobeh
Okawaru
Ru
Sif Muna
Trog
Uskayaw
Vehumet
Wu Jian
Xom
Yredelemnul
Zin
The Shining One

Shops:
D:2 ?!(   D:4 ?*[[   D:6 (

Annotations:
D:8 1 runed translucent door


Innate Abilities, Weirdness & Mutations

You are completely covered in rugged brown scales. (AC +3, +7% HP)
Armour fits poorly on your strangely shaped body.
You have a long armoured tail.
You roll when moving toward enemies. (Rampage)
Your long tongue fully drains potion bottles. (2x potion effects)
Your tongue gives you trouble enunciating. (1.5x scroll delay)


Message History

You kill the killer bee!
The killer bee stings you but does no damage.
You whack the killer bee!
The killer bee is poisoned.
Your tail-slap misses the killer bee.
The killer bee is heavily wounded.
The killer bee barely misses you.
You barely miss the killer bee.
Your tail-slap misses the killer bee.
The killer bee is severely wounded.
The killer bee stings you.
You barely miss the killer bee.
The killer bee is severely wounded.
The killer bee stings you. You block the killer bee's attack.
Unknown command.
You barely miss the killer bee.
The killer bee is almost dead.
You kill the killer bee!
You block the troll's attack. x2; The troll claws you.
You see here 10 gold pieces.
Unknown command.
You are too injured to fight recklessly!
Unknown command.
You closely miss the troll.
The troll is moderately wounded.
The troll bites you!
* * * LOW HITPOINT WARNING * * *
The troll claws you!
* * * LOW HITPOINT WARNING * * *
The troll claws you but does no damage.
Unknown command.
You closely miss the troll.
Your tail-slap misses the troll.
The troll is lightly wounded.
Unknown command.
Unknown command.
You whack the troll!
The troll looks as sick as possible!
The troll is heavily wounded.
The troll bites you!
* * * LOW HITPOINT WARNING * * *
You block the troll's attack. The troll claws you.
You die...
Your body crumbles into a pile of gold.

#.........# #..⌠.....#
#.......# #.......#
#...$...#### #####.....$.#
#...#.[.....# $
#...#$....?.#
#..@T$......#
#...#.......+
###+#######+##'###.......#
..................>..#####
.....................#
.....................#
.....................#
.....................#
#####'##.............#


You could see a troll (extremely poisoned).

Vanquished Creatures
  Gastronok (D:8)
  2 two-headed ogres
  A cyclops (D:8)
  Maurice (D:8)
  A tengu conjurer (D:8)
  A hornet (D:10)
  A shadow (D:8)
  Eustachio (D:6)
  5 yaks (D:8)
  A steam dragon (D:8)
  An acid dragon (D:8)
  2 water moccasins
  A sky beast (D:6)
  An ogre (D:4)
  4 orc warriors
  3 centaurs
  A phantom (D:6)
  3 kobold brigands
  A bullfrog (D:8)
  3 scorpions
  3 gnoll sergeants
  12 wights (D:9)
  23 killer bees
  7 howler monkeys
  4 hounds
  2 jellies
  Crazy Yiuf (D:2)
  4 orc priests
  A sleepcap (D:4)
  2 iguanas
  15 orc wizards
  17 gnolls
  7 adders
  A shadow imp (D:7)
  4 white imps
  An ufetubus (D:5)
  A worm (D:3)
  2 dart slugs
  33 orcs
  A bat (D:1)
  3 endoplasms
  A giant cockroach (D:3)
  6 goblins
  9 hobgoblins
  4 jackals
  10 kobolds
  5 quokkas
  5 ball pythons
  4 frilled lizards
  2 rats (D:2)
225 creatures vanquished.

Notes
Turn   | Place    | Note
-------+----------+-------------------------------------------
     0 | D:1      | olmar the Armataur Fighter began the quest for the Orb.
     0 | D:1      | Reached XP level 1. HP: 19/19 MP: 1/1
   160 | D:1      | Reached XP level 2. HP: 26/26 MP: 2/2
   271 | D:1      | Reached skill level 4 in Armour
   408 | D:2      | Found Gotug's Distillery.
   414 | D:2      | Bought a potion of curing for 30 gold pieces
   421 | D:2      | Found Ygonoegh's Weapon Shoppe.
   586 | D:2      | Found Kionyn's Magic Scroll Shop.
  1072 | D:2      | Reached XP level 3. HP: 33/33 MP: 3/3
  1179 | D:2      | Found a runed translucent door.
  1180 | D:2      | Noticed Crazy Yiuf
  1544 | D:3      | Found a faded altar of an unknown god.
  1837 | D:3      | Reached XP level 4. HP: 27/40 MP: 4/4
  1940 | D:3      | Identified the ring "Guuna" {rElec rPois rF+ rN++ Str-4}
  2316 | D:3      | HP: 1/40 [orc/+2 mace of protection (7)]
  2530 | D:4      | Found Meackin's Magic Scroll Boutique.
  2535 | D:4      | Bought a scroll of silence for 133 gold pieces
  2585 | D:4      | Reached XP level 5. HP: 27/48 MP: 5/5
  2679 | D:4      | Found Lizonk's General Store.
  2687 | D:4      | Found Jiezu's Antique Armour Shop.
  2737 | D:4      | Noticed a water moccasin
  2753 | D:4      | Killed a water moccasin
  2754 | D:4      | Reached skill level 5 in Armour
  2754 | D:4      | Reached XP level 6. HP: 42/54 MP: 6/6
  2917 | D:4      | Found Sistrif's Antique Armour Shoppe.
  3253 | D:4      | Reached skill level 1 in Stealth
  3696 | D:5      | Entered Level 5 of the Dungeon
  3771 | D:5      | Found a broken altar of Ashenzari.
  3774 | D:5      | Found a burning altar of Makhleb.
  3777 | D:5      | Found a shadowy altar of Dithmenos.
  3780 | D:5      | Found a bloodstained altar of Trog.
  3949 | D:5      | Reached XP level 7. HP: 59/62 MP: 7/7
  4042 | D:5      | Reached skill level 6 in Armour
  4627 | D:6      | Found Qutoupuc's Antique Weapon Shop.
  4740 | D:6      | Reached skill level 5 in Maces & Flails
  4792 | D:6      | Noticed Eustachio
  5418 | D:6      | Reached skill level 5 in Shields
  5596 | D:6      | Reached XP level 8. HP: 27/71 MP: 8/8
  5754 | D:6      | Killed Eustachio
  5755 | D:6      | Reached skill level 7 in Armour
  5948 | D:6      | Found a staircase to the Ecumenical Temple.
  6050 | D:6      | Found a shimmering altar of Xom.
  6305 | D:6      | Found a glowing silver altar of Zin.
  6470 | Temple   | Entered the Ecumenical Temple
  7011 | D:2      | Killed Crazy Yiuf
  7418 | D:7      | Reached skill level 5 in Fighting
  7545 | D:7      | Reached skill level 8 in Armour
  7868 | D:7      | Reached XP level 9. HP: 79/79 MP: 9/9
  8158 | D:8      | Noticed Maurice
  8235 | D:8      | Killed Maurice
  8320 | D:8      | Reached skill level 9 in Armour
  8398 | D:8      | Found an opulent altar of Gozag.
  8399 | D:8      | Found a shimmering blue altar of Sif Muna.
  8515 | D:8      | Became a worshipper of Gozag Ym Sagoz the Greedy
  8652 | D:8      | Reached skill level 10 in Armour
  8652 | D:8      | Reached skill level 1 in Evocations
  8671 | D:8      | Noticed a cyclops
  8678 | D:8      | You fall into a shaft and drop 1 floor!
  9031 | D:9      | Noticed a two-headed ogre
  9045 | D:9      | Killed a two-headed ogre
  9046 | D:9      | Reached XP level 10. HP: 43/88 MP: 10/10
  9982 | D:9      | Reached skill level 11 in Armour
 10278 | D:8      | Noticed Gastronok
 10307 | D:8      | Killed Gastronok
 10522 | D:8      | Found a runed translucent door.
 10604 | D:8      | Identified the +0 leather armour "Bapusk" {rF+}
 10626 | D:8      | Got the Anthology of Gusts and Thermatology
 10628 | D:8      | Identified the staff of cold "Tenejemu" {Drain rC+ Str+6
                  | Dex+4}
 10915 | D:8      | Killed a cyclops
 10916 | D:8      | Reached XP level 11. HP: 81/98 MP: 11/11
 10933 | D:8      | Reached skill level 10 in Maces & Flails
 11846 | D:2      | Bought a potion of haste for 100 gold pieces
 11846 | D:2      | Bought a potion of curing for 30 gold pieces
 11846 | D:2      | Bought a potion of heal wounds for 50 gold pieces
 11846 | D:2      | Bought a potion of might for 40 gold pieces
 11846 | D:2      | Bought a potion of lignification for 30 gold pieces
 11865 | D:2      | Bought a scroll of identify for 28 gold pieces
 11865 | D:2      | Bought a scroll of fear for 56 gold pieces
 11865 | D:2      | Bought a scroll of enchant armour for 105 gold pieces
 11865 | D:2      | Bought a scroll of noise for 14 gold pieces
 11865 | D:2      | Bought a scroll of poison for 56 gold pieces
 11865 | D:2      | Bought 3 scrolls of teleportation for 126 gold pieces
 11865 | D:2      | Bought a scroll of teleportation for 42 gold pieces
 11865 | D:2      | Bought a scroll of teleportation for 42 gold pieces
 12100 | D:10     | Entered Level 10 of the Dungeon
 12158 | D:10     | Noticed a two-headed ogre
 12183 | D:10     | Killed a two-headed ogre
 12205 | D:10     | Slain by a troll

Illustrated notes

Levels and vault maps discovered:
D:1:      saegor_arrival_simple_c, layout_rooms
D:2:      layout_basic, serial_shops, shop, shop, shop, uniq_crazy_yiuf_cottage
D:3:      minmay_octagon_keep, layout_basic, dreamdust_ecumenical_altar_statues,
          serial_corexii_hall, chequers_hall_statues_corner_a,
          corexii_hall_statues_t, grunt_decor_resistance
D:4:      layout_loops_ring, serial_shops, shop, shop, nicolae_take_the_stairs,
          shop
D:5:      layout_basic, grunt_temple_overflow_cloverleaf, reono_crystal_passage
D:6:      layout_rooms, kennysheep_little_box, mainiacjoe_overflow_alcove_4,
          minmay_temple_entry_sparse_star, serial_shops, shop, chequers_avenue,
          uniq_eustachio
D:7:      layout_rooms
D:8:      minmay_the_grid_four_pointed_star
          [minmay_the_grid_triangle_9x9_subtriangle,
          minmay_the_grid_triangle_9x9_dagger,
          minmay_the_grid_triangle_9x9_checkered,
          minmay_the_grid_triangle_9x9_impossible_snake,
          minmay_the_grid_prize_diamond_cup], layout_basic,
          mainiacjoe_overflow_divided_tiny, uniq_gastronok, uniq_maurice
D:9:      layout_cave_pools, kennysheep_decorative_pillar
D:10:     layout_gridville, nicolae_qazlal_scattered_showers, dpeg_oklobed_lair,
          special_room [special_room_orc], serial_glass, glass_columns_b,
          glass_columns_c, minmay_shop_damaged, palyth_stone_intersect,
          grunt_ministairs_9, kb_lookout_dungeons_type, uniq_lodul
Temple:   oiseaux_autumnal_temple

Skill      XL: |  1  2  3  4  5  6  7  8  9 10 11 |
---------------+----------------------------------+-----
Armour         | 4 5 6 8 10 11 | 11.9
Fighting       | 3 4 5 6 7 |  7.3
Maces & Flails | 2 3 4 5 6 8 9 10 | 10.1
Shields        | 4 5 6 7 |  7.5
Stealth        | 1 2 |  2.0
Evocations     | 1 |  1.5
Dodging        | |  0.5

Action                     |  1- 3 |  4- 6 |  7- 9 | 10-12 || total
---------------------------+-------+-------+-------+-------++-------
  Melee: Flail             |   117 |    18 |       |       ||   135
         Tailslap          |    11 |    14 |    57 |    48 ||   130
         Mace              |       |   102 |   374 |    33 ||   509
         Whip              |       |       |    79 |   349 ||   428
  Throw: Dart              |       |       |     3 |       ||     3
  Evoke: Wand              |       |       |    10 |       ||    10
    Use: Scroll            |     6 |       |     5 |     2 ||    13
         Potion            |       |     4 |     3 |     4 ||    11
   Stab: Distracted        |       |       |       |     1 ||     1
 Armour: Scale mail        |    69 |    57 |       |       ||   126
         Plate armour      |       |    19 |   407 |   182 ||   608
         Skin              |       |       |       |    26 ||    26
  Dodge: Dodged            |    32 |    31 |   105 |    70 ||   238
  Block: Buckler           |    23 |    29 |   126 |    72 ||   250
